Map: Ulrena

Players

LilDicky - Winner!

  • Race: Terran Terran
  • League: Platinum

FiftyONE

  • Race: Terran Terran

VOD

http://www.twitch.tv/tumescentpie

Description

Time

  • Played on: Nov. 21, 2015, 4:27 p.m.
  • Length: 13:33
Show
View Real Time Build Order
Export as new Build Order

LilDicky Terran - Winner!

Build Orders: MMM Bio 

Get SALT Encoding   

  12  0:02  SCV  
  13  0:14  SCV  
  14  0:26  SCV  
  15  0:30  Supply Depot  
  15  0:50  Refinery  
  15  0:52  SCV  
  15  0:53  Barracks  
  16  1:06  Barracks  
  16  1:09  Barracks  
  16  1:13  SCV  
  17  1:24  Supply Depot  
  17  1:25  SCV  
  18  1:37  SCV  
  19  1:44  Barracks, Marine  
  20  1:51  Orbital Command  
  20  1:55  Marine  
  20  1:58  Marine  
  22  2:05  Marine  
  23  2:14  Marine  
  24  2:17  SCV  
  24  2:20  Marine  
  26  2:23  Marine  
  26  2:29  SCV  
  28  2:34  Marine x2  
  30  2:37  Marine  
  30  2:39  Supply Depot  
  31  3:01  SCV, Marine x4  
  31  3:19  Marine x3  
  33  3:20  Marine  
  33  3:31  SCV  
  33  3:33  Refinery  
  34  3:36  Marine x2  
  34  3:37  Refinery  
  34  3:39  Command Center, Marine  
  37  3:47  Marine  
  38  3:54  Marine  
  39  4:08  Marine  
  39  4:10  Supply Depot  
  39  4:11  SCV, Marine  
  38  4:20  Marine  
  38  4:22  Marine  
  38  4:23  SCV  
  39  4:31  Marine x2  
  40  4:38  Marine  
  40  4:40  Marine  
  36  4:50  Marine  
  36  4:51  SCV, Marine  
  36  4:53  Orbital Command  
  36  4:56  Marine  
  37  5:01  Barracks Tech Lab  
  37  5:02  Factory  
  36  5:11  Barracks Reactor  
  37  5:14  Barracks Tech Lab  
  37  5:17  SCV  
  37  5:23  Stimpack  
  37  5:25  SCV  
  38  5:50  Factory Reactor  
  38  5:54  Marine  
  38  5:55  Marine  
  38  5:56  Combat Shields  
  40  5:57  Starport  
  40  5:58  Barracks Reactor, Marine  
  40  6:00  SCV  
  42  6:06  SCV  
  42  6:07  Refinery  
  42  6:10  Marine  
  44  6:12  SCV  
  44  6:18  SCV  
  38  6:32  Supply Depot  
  38  6:34  Marine  
  39  6:41  Marine x4  
  39  6:43  Medivac x2  
  39  6:45  SCV  
  48  6:47  Marine  
  48  6:48  Factory Tech Lab  
  48  6:50  SCV  
  48  6:51  Marine  
  51  6:59  Supply Depot  
  51  7:00  Engineering Bay  
  51  7:01  Marine  
  52  7:02  Marine  
  52  7:03  SCV  
  54  7:11  Siege Tank  
  54  7:13  SCV  
  58  7:33  Marine  
  58  7:34  Marine  
  53  7:58  Marauder, Marine x2  
  54  8:03  Medivac x2  
  54  8:04  Siege Tank  
  54  8:05  SCV x2  
  63  8:15  Terran Infantry Weapons Level 1  
  63  8:17  SCV x2  
  65  8:20  Missile Turret  
  65  8:21  Marine  
  66  8:27  Marine x3  
  66  8:29  SCV  
  62  9:08  Marine x6  
  58  9:12  SCV  
  48  9:26  Marine x5  
  48  9:27  Marauder  
  48  9:30  Barracks  
  55  9:31  Barracks  
  55  9:36  Engineering Bay  
  55  9:39  SCV  
  55  9:43  Marine  
  55  9:44  Medivac x2, Marine  
  62  9:56  Command Center  
  62  9:58  SCV x2  
  64  10:05  Terran Infantry Armor Level 1  
  64  10:10  SCV  
  64  10:13  SCV  
  66  10:14  Armory, Medivac  
  66  10:16  Marine  
  69  10:22  SCV  
  70  10:38  Viking  
  72  10:44  Viking, Marine x2  
  72  10:45  Marauder  
  78  10:57  Sensor Tower, Marine x2  
  78  11:03  Supply Depot  
  80  11:10  Supply Depot, Marine  
  81  11:14  Missile Turret  
  81  11:18  Orbital Command  
  81  11:42  SCV  
  79  12:00  Marine  
  72  12:08  SCV x2  
  74  12:22  Marauder, Marine x2  
  78  12:27  SCV x2  
  80  12:32  Marine  
  80  12:33  Marine x2  
  80  12:34  Marauder  
  85  12:42  SCV x3  
  90  12:44  Marauder  
  90  12:54  SCV  
  91  13:02  Marine x2  
  91  13:03  Marauder  
  91  13:05  Marauder  
  100  13:16  SCV x2  
  111  13:29  Supply Depot  
Show
View Real Time Build Order
Export as new Build Order

FiftyONE Terran 

Build Orders: MMM Bio 

Get SALT Encoding   

  12  0:02  SCV  
  13  0:14  SCV  
  13  0:20  Supply Depot  
  14  0:26  SCV  
  15  0:41  Refinery  
  15  0:42  SCV  
  16  0:48  Barracks  
  16  0:54  SCV  
  17  1:06  SCV  
  18  1:18  SCV  
  20  1:35  Marine  
  21  1:42  Orbital Command  
  21  1:43  Factory  
  20  1:49  Refinery  
  20  1:53  Marine  
  21  2:03  Supply Depot  
  21  2:09  SCV  
  21  2:11  Marine  
  23  2:23  SCV  
  23  2:26  Factory Tech Lab  
  23  2:30  Starport, Marine  
  24  2:39  SCV  
  25  2:47  Siege Tank  
  25  2:48  Marine  
  29  2:55  SCV  
  30  3:06  Marine  
  25  3:24  Marine  
  26  3:27  Medivac  
  28  3:39  SCV  
  29  3:42  Marine  
  30  3:50  Supply Depot x2  
  30  3:51  SCV  
  31  4:05  Starport Reactor  
  31  4:11  Siege Tank, Marine  
  31  4:13  SCV  
  33  4:25  SCV  
  33  4:29  Marine  
  25  4:53  SCV, Marine  
  25  4:54  Medivac  
  25  4:59  Widow Mine  
  31  5:00  Barracks  
  31  5:06  SCV  
  32  5:10  Marine  
  33  5:17  Supply Depot  
  33  5:18  SCV  
  34  5:30  SCV  
  35  5:42  SCV  
  31  5:51  Medivac x2  
  31  5:52  Barracks Tech Lab  
  31  5:54  SCV  
  36  6:01  Marine  
  37  6:06  SCV  
  37  6:09  Bunker  
  37  6:10  Siege Tank  
  41  6:16  Stimpack  
  41  6:18  SCV  
  41  6:19  Marine  
  43  6:30  SCV  
  42  6:35  Marine  
  42  6:37  Marine  
  44  6:42  SCV  
  44  6:53  Marine  
  45  6:55  SCV, Marine  
  45  7:01  Command Center  
  47  7:19  Supply Depot  
  47  7:40  Marine x2  
  47  7:41  SCV, Hellion  
  49  7:52  Medivac  
  43  7:58  Marine x2  
  43  8:02  SCV, Siege Tank  
  49  8:14  SCV  
  49  8:16  Marine, Orbital Command  
  52  8:21  Combat Shields  
  52  8:22  Medivac  
  52  8:26  SCV  
  55  8:33  Barracks  
  55  8:34  Barracks Reactor, Siege Tank, Marine  
  54  8:35  Engineering Bay  
  54  8:38  SCV  
  54  8:39  Supply Depot  
  59  8:42  Supply Depot  
  59  8:45  Supply Depot  
  59  8:46  SCV  
  60  8:50  SCV  
  60  8:52  Marine  
  56  9:09  Marine  
  51  9:18  Marine x2  
  53  9:26  SCV  
  53  9:27  Marine  
  53  9:28  Barracks Reactor  
  53  9:36  Marine x2  
  55  9:42  SCV  
  56  9:46  Marauder  
  56  9:48  Terran Infantry Weapons Level 1, SCV  
  59  9:53  Marine  
  59  9:54  Marine  
  61  10:06  Marine  
  62  10:11  Marine x2  
  64  10:15  Marine x2  
  64  10:16  Siege Tank  
  64  10:17  Medivac  
  71  10:24  Marine  
  72  10:29  Marine  
  72  10:30  Marine  
  72  10:31  SCV  
  72  10:32  SCV  
  72  10:33  Marine x2  
  78  10:39  Medivac  
  78  10:42  Marine  
  81  10:47  Marine  
  81  10:48  Marine  
  83  10:50  Command Center  
  83  10:59  SCV x2  
  83  11:01  Refinery  
  83  11:02  Refinery  
  85  11:05  Hellion, Marine x2  
  85  11:06  Marine  
  85  11:11  SCV  
  91  11:13  Supply Depot  
  90  11:49  Marine  
  90  11:50  Marine x2  
  81  11:54  Marine  
  81  11:55  Marine  
  81  11:56  SCV x2  
  81  11:58  Medivac  
  85  12:07  Marine x2  
  85  12:08  Marine  
  82  12:12  SCV x2, Marine  
  82  12:13  Marauder  
  85  12:25  Marine x3  
  85  12:29  SCV x2  
  87  12:30  Marine  
  87  12:34  Marauder  
  90  12:41  SCV  
  90  12:43  Marine  
  92  12:47  SCV, Marine  
  94  12:52  Siege Tank  
  94  12:53  Marine x2  
  94  12:56  Marauder  
  101  13:19  Refinery  
  103  13:20  Refinery  
  103  13:21  Barracks  
  103  13:22  Barracks  
  103  13:23  Barracks  
Tags
 
Add a new tag
Caveats
  • Supply blocks, unpowered buildings, or Contaminate may cause inaccurate times.
  • Supply counts are checked every 10 seconds.